cohdb
Replays
Latest Replays
All Replays
Popular Replays
Top Player Replays
Match Explorer
How It Works
Community
CoH3 Stats
Reddit
Sign in to upload your games and track your stats! →
Sign in with Steam
Match 43675783
Unlisted
Match 43675783
Overview
Messages
Build Orders
End
Construct Section Command Post
Vickers Machine Gun Team
Infantry Section
Infantry Section
Infantry Section
Infantry Section
Construct Platoon Command Post
CMP 15cwt Truck
Selects Heavy Armor Battlegroup
Selects Rigorous Vehicle Training
Selects Forward Repair Assembly
Selects UNKNOWN (2162094)
Selects Light Vehicle Withdraw and Refit
6-pounder Anti-tank Gun Team
Construct Company Command Post
Selects Radio Net
Churchill IV Heavy Tank
Churchill IV Heavy Tank
HermioneGrandG
hogarthw
Cherrik
abrval
天下
Mozgolom
0
0
Comments
sign in to comment!
No comments posted yet!